 Dungeon Crawl Stone Soup version 0.26-a0-259-g1effd001a9 (webtiles) character file.

Game seed: 8508148690407013727

122 raph the Ruffian (level 4, -15/41 HPs)
             Began as a Troll Hedge Wizard on July 20, 2020.
             Was a Follower of Sif Muna.
             Demolished by an ogre
             ... wielding a +0 giant spiked club
              (26 damage)
             ... on level 4 of the Dungeon.
             The game lasted 00:04:47 (2366 turns).

raph the Ruffian (Troll Hedge Wizard)               Turns: 2366, Time: 00:04:47

Health: -15/41     AC:  6    Str: 18    XL:     4   Next: 78%
Magic:  6/6        EV: 10    Int: 10    God:    Sif Muna [*.....]
Gold:   8          SH:  0    Dex: 16    Spells: 4/7 levels left

rFire    . . .     SeeInvis .     - Unarmed
rCold    . . .     Faith    .   (no shield)
rNeg     . . .     Spirit   .   b - +0 robe
rPois    +         Reflect  .   c - +0 hat
rElec    .         Harm     .   (no cloak)
rCorr    .                      (gloves unavailable)
MR       .....                  (boots unavailable)
Stlth    ++........             p - amulet of magic regeneration
HPRegen  0.53/turn              d - ring of poison resistance
MPRegen  0.35/turn              s - +6 ring of dexterity

@: no status effects
A: large, unfitting armour, claws 3, fast metabolism 1, regeneration 1, shaggy
fur 1, tough skin 3
a: Channel Magic, Renounce Religion


You were on level 4 of the Dungeon.
You worshipped Sif Muna.
Sif Muna was aware of your devotion.
You were not hungry.

You visited 1 branch of the dungeon, and saw 4 of its levels.

You collected 133 gold pieces.
You spent 125 gold pieces at shops.

Inventory:

Hand Weapons
 a - a +0 dagger
Missiles
 j - 28 poisoned darts (quivered)
Armour
 b - a +0 robe (worn)
 c - a +0 hat (worn)
Jewellery
 d - a ring of poison resistance (left claw)
 p - an amulet of magic regeneration (around neck)
 s - a +6 ring of dexterity (right claw)
Scrolls
 g - 3 scrolls of amnesia {unknown}
 i - a scroll of remove curse {unknown}
 k - a scroll of enchant weapon {unknown}
 l - 6 scrolls of identify {unknown}
 m - a scroll of teleportation {unknown}
 o - a scroll of enchant armour {unknown}
 q - a scroll of immolation {unknown}
Potions
 e - 4 potions of curing {unknown}
 h - a potion of heal wounds {unknown}
 n - 3 potions of brilliance {unknown}
 r - a potion of haste {unknown}
Comestibles
 f - 12 rations


   Skills:
 + Level 1.1 Fighting
 + Level 2.1 Dodging
 - Level 1.0 Stealth
 * Level 2.3 Unarmed Combat
 + Level 2.2 Spellcasting
 - Level 1.2 Conjurations
   Level 0.6 Summonings
 * Level 1.2 Translocations


You had 4 spell levels left.
You knew the following spells:

 Your Spells              Type           Power        Failure   Level
a - Magic Dart            Conj           #...         19%         1
b - Blink                 Tloc           N/A          28%         2

Your spell library contained the following spells:

 Spells                   Type           Power        Failure   Level
 Call Imp                 Summ           #.......     34%         2
 Slow                     Hex            #.......     43%         2
 Conjure Flame            Conj/Fire      #.......     58%         3
 Mephitic Cloud           Conj/Pois/Air  #.......     61%         3


Dungeon Overview and Level Annotations

Branches:
Dungeon (4/15)
 Temple: D:4-7

Altars:
Sif Muna

Shops:
D:4 *

Annotations:
D:1 1 exclusion


Innate Abilities, Weirdness & Mutations

You are too large for most types of armour.
You have claws for hands.
You have a fast metabolism.
Your natural rate of healing is unusually fast.
You are covered in fur. (AC +1)
You have extremely tough skin. (AC +3)


Message History

Items here: )) [[ †† You scratch the orc.
You claw the orc.
You kill the orc!
Sif Muna accepts your kill.
You claw the ogre!
The ogre is moderately wounded.
The ogre hits you with a +0 giant spiked club!!
* * * LOW HITPOINT WARNING * * *
You are too injured to fight recklessly!
You are too injured to fight recklessly!
You are too injured to fight recklessly!
You are too injured to fight recklessly!
You are too injured to fight recklessly!
You are too injured to fight recklessly!
You are too injured to fight recklessly!
You claw the ogre!
The ogre is almost dead.
The ogre hits you with a +0 giant spiked club!!
Ouch! That really hurt!
You die...

### #..
##########.#
#...........
#######..........#
#.....'..........#
#.#####..........#
#.# #####.##.#..
#@# #.##.### #O#
#.##.... #Z#
#.##.... ...
#.##.P.P #...O
#.##..∩. #.....
#.##.PP. .......
.>##.... #......#
###.# +......# #.#


You could see an ogre and a bullfrog skeleton.

Vanquished Creatures
  2 orc wizards (D:4)
  A gnoll (D:1)
  An adder (D:2)
  4 orcs (D:4)
  8 goblins
  3 hobgoblins
  3 jackals (D:1)
  6 kobolds
  2 quokkas (D:2)
  A ball python (D:2)
  7 bats
  A frilled lizard (D:3)
  4 rats
43 creatures vanquished.

Notes
Turn   | Place    | Note
-------+----------+-------------------------------------------
     0 | D:1      | raph the Troll Hedge Wizard began the quest for the Orb.
     0 | D:1      | Reached XP level 1. HP: 16/16 MP: 2/2
   178 | D:1      | Reached XP level 2. HP: 18/24 MP: 4/4
   180 | D:1      | Reached skill level 1 in Unarmed Combat
   813 | D:1      | Reached skill level 1 in Conjurations
   943 | D:1      | Reached XP level 3. HP: 32/32 MP: 5/5
  1350 | D:2      | Found a shimmering blue altar of Sif Muna.
  1388 | D:2      | Learned a level 2 spell: Blink
  1782 | D:3      | Found a faded altar of an unknown god.
  1790 | D:3      | Became a worshipper of Sif Muna the Loreminder
  1790 | D:3      | Reached * piety under Sif Muna
  2234 | D:4      | Found Naustezya's Assorted Antiques.
  2243 | D:4      | Bought a coral ring for 125 gold pieces
  2341 | D:4      | Noticed an ogre
  2345 | D:4      | Reached skill level 1 in Fighting
  2345 | D:4      | Reached skill level 1 in Translocations
  2345 | D:4      | Reached XP level 4. HP: 38/41 MP: 6/6
  2366 | D:4      | Demolished by an ogre

Illustrated notes

Levels and vault maps discovered:
D:1:      minmay_arrival_stone_box, layout_loops_ring, due_unseen_surprise
D:2:      layout_rooms, old_standard_altar
D:3:      layout_basic, chequers_ecumenical_altar_simple_redux
D:4:      layout_basic, minmay_temple_entry_waves, serial_shops,
          nicolae_shop_overgrown_old_shop, serial_bayou_pond_c,
          kennysheep_small_circle, uniq_pikel

Skill      XL: |  1  2  3 |
---------------+----------+-----
Unarmed Combat | 1 2 |  2.3
Conjurations   | 1 |  1.2
Dodging        | 2 |  2.1
Fighting       | 1 |  1.1
Translocations | 1 |  1.2
Stealth        | |  1.0
Spellcasting   | |  2.2
Summonings     | |  0.6

Action                   |  1- 3 |  4- 6 || total
-------------------------+-------+-------++-------
Melee: Unarmed           |   138 |    16 ||   154
       Dagger            |     3 |       ||     3
       Punch             |       |     1 ||     1
 Stab: Sleeping          |     2 |       ||     2
  Eat: Ration            |     2 |       ||     2
Armor: Robe              |    49 |     1 ||    50
Dodge: Dodged            |    94 |     5 ||    99

Table legend:
 A = Non-vault XP
 B = Vault XP
 C = Vault XP percentage of total XP
 D = Non-vault monster count
 E = Vault monster count
 F = Vault count percentage of total count
                 A         B        C        D         E       F
            +---------+---------+-------+---------+---------+-------
      Total |     175 |       0 |   0.0 |      43 |       0 |   0.0
            +---------+---------+-------+---------+---------+-------
        D:1 |      48 |       0 |   0.0 |      20 |       0 |   0.0
        D:2 |      26 |       0 |   0.0 |      10 |       0 |   0.0
        D:3 |       9 |       0 |   0.0 |       7 |       0 |   0.0
        D:4 |      92 |       0 |   0.0 |       6 |       0 |   0.0
            +---------+---------+-------+---------+---------+-------
